 Dungeon Crawl Stone Soup version 0.27-a0-1512-g99fd57bada (webtiles) character file.

Game seed: 1713120971689578137

58 Lekart the Skirmisher (level 3, 0/33 HPs)
             Began as a Draconian Chaos Knight on July 9, 2021.
             Was a Plaything of Xom.
             Slain by a gnoll (16 damage)
             ... on level 2 of the Dungeon.
             The game lasted 00:01:49 (1133 turns).

Lekart the Skirmisher (Draconian Chaos Knight)      Turns: 1133, Time: 00:01:49

Health: 0/33       AC: 11    Str: 15    XL:     3   Next: 75%
Magic:  4/4        EV: 17    Int: 12    God:    Xom [*.....]
Gold:   19         SH:  0    Dex: 10    Spells: 4/4 levels left

rFire    . . .     SeeInvis .   a - +0 falchion (chaos)
rCold    + . .     Faith    .   (no shield)
rNeg     + + +     Spirit   .   (armour unavailable)
rPois    ∞         Reflect  .   (helmet restricted)
rElec    .         Harm     .   (no cloak)
rCorr    .         Rampage  .   (no gloves)
Will     +....                  (no boots)
Stlth    +.........             (no amulet)
HPRegen  0.11/turn              (no ring)
MPRegen  0.09/turn              (no ring)

@: agile, lich-form, very slightly contaminated, invisible
A: draining attack, torment immunity, no potions, AC +5, unfitting armour,
cold-blooded
a: Renounce Religion


You were on level 2 of the Dungeon.
You worshipped Xom.
You were a special plaything of Xom.
You were an undead lich.
You visited 1 branch of the dungeon, and saw 2 of its levels.

You collected 52 gold pieces.
You spent 33 gold pieces at shops.

Inventory:

Hand Weapons
 a - a +0 falchion of chaos (weapon)
Scrolls
 c - 2 scrolls of teleportation
Potions
 b - a potion of curing {unknown}


   Skills:
 + Level 3.8 Fighting
 + Level 3.7 Long Blades
 + Level 2.5 Dodging
 * Level 1.2 Spellcasting


You had 4 spell levels left.
You didn't know any spells.
Your spell library was empty.

Dungeon Overview and Level Annotations

Branches:
Dungeon (2/15)

Altars:

Shops:
D:2 !*??


Innate Abilities, Weirdness & Mutations

You are an undead lich.
Your unarmed attacks are suffused with negative energy.
You are immune to unholy pain and torment.
Your necromantic spells are more powerful.
You are immune to poison.
You cannot drink.
Your plain brown scales are hard. (AC +5)
You cannot fit into any form of body armour.
You are cold-blooded and may be slowed by cold attacks.


Message History

Found a scroll labelled EFOGIOFAFI.
You see here an adder corpse.
You closely miss the gnoll. You tail-slap the gnoll.
The gnoll is heavily wounded.
The gnoll barely misses you. The gnoll misses you.
You closely miss the gnoll.
The gnoll is moderately wounded.
The gnoll hits you from afar with a +1 spear of chaos.
You fade into invisibility!
You are very lightly contaminated with residual magic.
The gnoll hits you but does no damage.
You hit the gnoll. You freeze the gnoll.
The gnoll is heavily wounded.
The gnoll misses you.
You riposte.
You catch the helpless gnoll completely off-guard!
You hit the gnoll.
You feel better.
You tail-slap the gnoll, but do no damage.
The gnoll is almost dead.
You hit the gnoll.
You kill the gnoll!
The gnoll closely misses you.
You riposte.
You hit the gnoll. You freeze the gnoll.
The gnoll is moderately wounded.
The gnoll barely misses you.
You see here a +0 whip.
You hit the gnoll.
The gnoll is heavily wounded.
The gnoll completely misses you. The gnoll closely misses you.
You barely miss the gnoll.
The gnoll is heavily wounded.
The gnoll hits you but does no damage. The gnoll misses you.
You closely miss the gnoll. You tail-slap the gnoll.
The gnoll is severely wounded.
The gnoll barely misses you.
You riposte.
You hit the gnoll.
You kill the gnoll!
You feel your strength returning. The rat closely misses you.
The gnoll hits you but does no damage.
You are electrocuted!
You die...
Xom yawns loudly!

,,,,,,,,,,*******,*
##.#....#*
,,,**,,,,,,,,,,,,,*
#.....##,
,,,******,******######
##.....#, **** *,**##*
#.#..#####..#.##, *,,,?.*
#.......#..##*#,, ****#.*
#.∩.#...#.##,,,,, *######.*
#.......#..##**,,
*...(...###.#.....##.g#,**,
*.......†)Lr......###.g.=#,
*.......###g..........g.##,
*.......#........###.....#*
*########........# #......#
#........#*#...##..
#...........).##*##
#.............#
#...........,,*
*,,,,,,,,,,,,,*


You could see a gnoll and a rat.

Vanquished Creatures
  2 gnolls (D:2)
  An adder (D:2)
  2 ball pythons
  A bat (D:1)
  An endoplasm (D:1)
  2 giant cockroaches (D:1)
  2 hobgoblins
  11 jackals (D:1)
  2 frilled lizards
  A goblin (D:1)
  A kobold (D:1)
  A rat (D:1)
27 creatures vanquished.

Notes
Turn   | Place    | Note
-------+----------+-------------------------------------------
     0 | D:1      | Lekart the Draconian Chaos Knight began the quest for the
                  | Orb.
     0 | D:1      | Reached XP level 1. HP: 19/19 MP: 1/1
    75 | D:1      | XOM: silly message
   113 | D:1      | Reached XP level 2. HP: 23/26 MP: 2/2
   193 | D:1      | XOM: divination: detect items
   582 | D:1      | XOM: enchant monster (bad)
   869 | D:1      | XOM: scenery: summon butterflies
   950 | D:2      | Found Bacoic's Assorted Antiques.
   952 | D:2      | Found Qilogom's Magic Scroll Shop.
   960 | D:2      | Bought a scroll of teleportation for 33 gold pieces
   987 | D:2      | Found Addem's Magic Scroll Emporium.
  1001 | D:2      | XOM: 2-stop teleportation journey
  1014 | D:2      | XOM: confusion (+ monsters)
  1022 | D:2      | Reached XP level 3. HP: 16/33 MP: 4/4
  1023 | D:2      | XOM: chaos upgrade
  1034 | D:2      | Found Horu's Distillery.
  1034 | D:2      | XOM: 1-stop teleportation journey
  1120 | D:2      | XOM: stat loss: -1 Str (14/15)
  1121 | D:2      | XOM: cast spell 'Necromutation'
  1124 | D:2      | Reached skill level 1 in Spellcasting
  1133 | D:2      | Slain by a gnoll

Illustrated notes

Levels and vault maps discovered:
D:1:      roderic_octagonal_star, layout_basic
D:2:      layout_basic, serial_shops, shop_fountains, shop, nicolae_shop_stone,
          shop, minmay_fractal_squares_gapless_5

Skill      XL: |  1  2  3 |
---------------+----------+-----
Spellcasting   | 1 |  1.2
Fighting       | |  3.8
Long Blades    | |  3.7
Dodging        | |  2.5

Action                   || total
-------------------------++-------
Melee: Falchion          ||    59
       Tailslap          ||     5
  Use: Scroll            ||     2
 Stab: Invisible         ||     1
Armor: Skin              ||    25
Dodge: Dodged            ||    80
       Rpst.: Falchion   ||    27

Table legend: (Time is in decaauts)
 A = Elapsed time spent in this place.
 B = Non-inter-level travel time spent in this place.
 C = Inter-level travel time spent in this place.
 D = Time resting spent in this place.
 E = Time spent auto-exploring this place.
 F = Levels seen in this place.
 G = Mean time per level.
                   A        B        C        D        E       F      G
               +--------+--------+--------+--------+--------+-----+--------+
         Total |   1140 |   1109 |     31 |     68 |    866 |   2 |  570.0 |
       Dungeon |   1140 |   1109 |     31 |     68 |    866 |   2 |  570.0 |
               +--------+--------+--------+--------+--------+-----+--------+

Top non-repeatable levels by time:
     D:1: 933 daAuts
     D:2: 207 daAuts
